 Dungeon Crawl Stone Soup version 0.30-a0-760-g5a9884bb7c (webtiles) character file.

Game seed: 6410297770764438988

287 holysushi the Insei (level 6, -3/36 HPs)
             Began as a Vampire Monk on Feb 11, 2023.
             Was an Initiate of Ru.
             Slain by a kobold brigand
             ... wielding a +0 short sword
              (11 damage)
             ... on level 4 of the Dungeon.
             The game lasted 00:04:45 (3814 turns).

holysushi the Insei (Vampire Monk)                  Turns: 3814, Time: 00:04:45

Health: -3/36      AC:  0    Str: 10    XL:     6   Next: 8%
Magic:  5/5        EV: 24    Int: 12    God:    Ru [......]
Gold:   96         SH:  0    Dex: 24    Spells: 5/5 levels left

rFire   . . .      SeeInvis +      - Unarmed
rCold   + + .      Faith    +    (shield currently unavailable)
rNeg    + + +      Spirit   .    (body armour currently unavailable)
rPois   ∞          Reflect  .    (helmet currently unavailable)
rElec   .          Harm     .    (cloak currently unavailable)
rCorr   .          Rampage  .    (gloves currently unavailable)
Will    .....                    (boots currently unavailable)
Stlth   +++++                    i - amulet of faith
HPRegen 0.00/turn                (ring currently unavailable)
MPRegen 0.09/turn                (ring currently unavailable)

@: bat-form, flying, bloodless, inhibited regen, very quick
A: fast, flying, no casting, tiny, bloodless, fangs 3, see invisible, low MP 1,
vampiric 2
a: Revivify, End Transformation, Renounce Religion


You were on level 4 of the Dungeon.
You worshipped Ru.
Ru was noncommittal.
You were a vampire bat.
You visited 2 branches of the dungeon, and saw 6 of its levels.

You collected 124 gold pieces.
You spent 28 gold pieces at shops.

Inventory:

Missiles
 r - 2 throwing nets (quivered)
Armour
 a - a +0 robe (melded)
Jewellery
 c - a ring of resist corrosion
 i - an amulet of faith (around neck)
Wands
 o - a wand of mindburst (11)
 p - a wand of polymorph (5)
Scrolls
 f - a scroll of teleportation
 h - a scroll of vulnerability
 j - a scroll of blinking
 k - 7 scrolls of identify
 m - a scroll of poison {unknown}
 n - 2 scrolls of noise {unknown}
 q - a scroll of fog {unknown}
Potions
 b - a potion of ambrosia
 d - 2 potions of curing
 e - a potion of haste {unknown}
 g - a potion of mutation {unknown}
 l - a potion of degeneration {unknown}


   Skills:
 - Level 2.6 Fighting
 - Level 5.0 Dodging
 - Level 3.0 Stealth
 + Level 6.5 Unarmed Combat


You had 5 spell levels left.
You didn't know any spells.
Your spell library contained the following spells:

 Spells                   Type           Power      Damage    Failure   Level
 Apportation              Tloc           0%         N/A       32%         1
 Necrotise                Necr           0%         1d4       32%         1
 Slow                     Hex            0%         N/A       32%         1
 Sting                    Tmut/Pois      0%         1d3       32%         1
 Summon Small Mammal      Summ           0%         N/A       32%         1
 Poisonous Vapours        Pois/Air       0%         N/A       45%         2
 Sublimation of Blood     Necr           0%         N/A       45%         2
 Wereblood                Tmut           0%         N/A       45%         2
 Confusing Touch          Hex            0%         N/A       69%         3
 Vampiric Draining        Necr           0%         2d6       69%         3
 Olgreb's Toxic Radiance  Pois           0%         N/A       97%         4
 Summon Hydra             Summ           0%         N/A       100%        7


Dungeon Overview and Level Annotations

Branches:
Dungeon (5/15) Zot: 26870  Temple (1/1) D:4 Zot: 5914

Altars:
Cheibriados
Dithmenos
Fedhas
Gozag
Hepliaklqana
Kikubaaqudgha
Ru
Sif Muna
Uskayaw
Vehumet
Wu Jian
Yredelemnul

Shops:
D:1 *


Innate Abilities, Weirdness & Mutations

You are a vampire bat.
You are tiny and dextrous.
You move quickly.
You are flying.
You are immune to poison.
Your equipment is almost entirely melded.
You are incapable of wielding weapons or throwing items.
You cannot cast spells.
You do not regenerate when monsters are visible.
You are frail without blood (-20% HP).
You can heal yourself when you bite living creatures.
You are immune to poison.
You have razor-sharp teeth.
You have supernaturally acute eyesight. (SInv)
Your magical capacity is low. (-10% MP)
You are afflicted with vampirism and can become a bat while bloodless.


Message History

The kobold barely misses you.
The kobold brigand completely misses you.
The scorpion completely misses you.
You barely miss the kobold brigand. Your bite misses the kobold brigand.
The scorpion stings you. The kobold closely misses you.
The kobold brigand hits you with a +0 short sword!
You barely miss the kobold brigand. The scorpion barely misses you.
The kobold completely misses you.
The kobold brigand completely misses you.
You hit the kobold brigand. Your bite misses the kobold brigand.
The kobold brigand is lightly wounded.
The scorpion closely misses you. The kobold closely misses you.
The kobold brigand misses you.
You hit the kobold brigand.
The kobold brigand is lightly wounded.
The scorpion stings you!
The kobold hits you with a +0 short sword.
The kobold brigand completely misses you.
You hit the kobold.
The kobold is severely wounded.
The scorpion completely misses you.
The kobold hits you with a +0 short sword.
The kobold brigand closely misses you.
You barely miss the kobold.
The kobold is severely wounded.
The scorpion stings you.
You hit the kobold but do no damage.
The kobold is severely wounded.
The scorpion stings you.
* * * LOW HITPOINT WARNING * * *
The kobold completely misses you. The kobold brigand barely misses you.
You barely miss the kobold.
The kobold is severely wounded.
The scorpion barely misses you. The kobold completely misses you.
The kobold brigand closely misses you.
You hit the kobold but do no damage. Your bite misses the kobold.
The kobold is severely wounded.
The scorpion misses you. The kobold barely misses you.
The kobold brigand hits you with a +0 short sword!
You die...

####.#######.##
#.# #.# #
#.######.#.###.#
#.# #
#.......###.##.#
#.# #
#..#####.#.#.#.#
#.# #..#
##.###..# #.#
#..#####.##
##.###.#
#.......##
##.##.#
##.###.#.##
##s###.# #.#
#....###bK....#
#.#
#####.#K#######
#.# ##.##
#.########.#
#..........#
############


You could see a kobold brigand, a scorpion and a kobold.

Vanquished Creatures
  A scorpion (D:4)
  A jelly (D:3)
  Natasha (thrice) (D:3)
  Terence (D:2)
  3 adders
  A worm (D:2)
  A dart slug (D:1)
  An orc (D:4)
  9 ball pythons
  4 endoplasms
  2 giant cockroaches
  7 goblins
  10 hobgoblins
  2 quokkas (D:1)
  8 bats
  A frilled lizard (D:1)
  8 kobolds
  4 rats
67 creatures vanquished.

Notes
Turn   | Place    | Note
-------+----------+-------------------------------------------
     0 | D:1      | holysushi the Vampire Monk began the quest for the Orb.
     0 | D:1      | Reached XP level 1. HP: 17/17 MP: 1/1
   157 | D:1      | Reached XP level 2. HP: 19/23 MP: 2/2
   194 | D:1      | Reached skill level 4 in Unarmed Combat
   506 | D:1      | Found Fihoparo's Assorted Antiques.
   518 | D:1      | Bought a scroll labelled MIGIER EKOSUGU for 28 gold pieces
   638 | D:1      | Gained mutation: You are afflicted with vampirism and can
                  | become a bat while bloodless. [Vampire growth]
   638 | D:1      | Reached XP level 3. HP: 28/28 MP: 3/3
  1018 | D:2      | Reached skill level 5 in Unarmed Combat
  1024 | D:2      | Identified the +1 hand axe of Income {flame, rElec rN+ MP-9
                  | Dex+3}
  1083 | D:2      | Found a shimmering blue altar of Sif Muna.
  1165 | D:2      | Noticed a shining eye
  1167 | D:2      | Found a faded altar of an unknown god.
  1168 | D:2      | Noticed a great orb of eyes
  1168 | D:2      | Noticed a golden eye
  1168 | D:2      | Noticed a golden eye
  1461 | D:2      | Noticed Terence
  1642 | D:2      | Killed Terence
  1643 | D:2      | Reached XP level 4. HP: 18/27 MP: 4/4
  1992 | D:3      | Identified the +0 cloak "Ruimmus" {Harm rPois Int-4}
  2022 | D:3      | Found a hazy altar of Hepliaklqana.
  2307 | D:3      | Noticed Natasha
  2312 | D:3      | Killed Natasha
  2317 | D:3      | Noticed Natasha
  2323 | D:3      | Killed Natasha
  2324 | D:3      | Reached XP level 5. HP: 31/31 MP: 5/5
  2341 | D:3      | Noticed Natasha
  2348 | D:3      | Killed Natasha
  2450 | D:4      | Reached skill level 6 in Unarmed Combat
  2677 | D:4      | Found a staircase to the Ecumenical Temple.
  2774 | Temple   | Entered the Ecumenical Temple
  2888 | Temple   | Became a worshipper of Ru the Awakened
  2890 | Temple   | Gained mutation: Your magical capacity is low. (-10% MP)
                  | [Ru sacrifice]
  3554 | D:4      | Reached skill level 5 in Dodging
  3554 | D:4      | Reached XP level 6. HP: 21/36 MP: 5/5
  3680 | D:5      | Entered Level 5 of the Dungeon
  3814 | D:4      | Slain by a kobold brigand

Illustrated notes

Levels and vault maps discovered:
D:1:      onia_arrival_pyramid, layout_loops_ring, serial_shops,
          nicolae_shop_hallway_plus, minmay_tetromino_t4
D:2:      layout_loops_ring, basic_altar,
          hellmonk_ecumenical_altar_watching_god, uniq_terence
D:3:      layout_loops_ring, lemuel_tele_altar, uniq_natasha
D:4:      layout_loops_ring, minmay_temple_entry_fiery
D:5:      cheibrodos_iron_armory, layout_loops_ring,
          chequers_temple_overflow_minitemple
Temple:   nicolae_temple_godzebo

Skill      XL: |  1  2  3  4  5 |
---------------+----------------+-----
Unarmed Combat | 4 5 6 |  6.5
Dodging        | 4 5 |  5.0
Fighting       | |  2.6
Stealth        | |  3.0

Action                     |  1- 3 |  4- 6 || total
---------------------------+-------+-------++-------
  Melee: Unarmed           |   147 |    94 ||   241
         Bite              |    12 |    15 ||    27
         Punch             |     2 |       ||     2
 Invoke: Sacrifice Essence |       |     1 ||     1
Ability: Bat Form          |     1 |       ||     1
         Exsanguinate      |     1 |       ||     1
    Use: Scroll            |     3 |     4 ||     7
   Stab: Sleeping          |     9 |     9 ||    18
         Distracted        |       |     1 ||     1
 Armour: Robe              |     9 |       ||     9
  Dodge: Dodged            |    97 |    92 ||   189

Table legend: (Time is in decaauts)
 A = Elapsed time spent in this place.
 B = Non-inter-level travel time spent in this place.
 C = Inter-level travel time spent in this place.
 D = Time resting spent in this place.
 E = Time spent auto-exploring this place.
 F = Levels seen in this place.
 G = Mean time per level.
                   A        B        C        D        E       F      G
               +--------+--------+--------+--------+--------+-----+--------+
         Total |   2920 |   2824 |     96 |    498 |   1660 |   6 |  486.7 |
       Dungeon |   2834 |   2751 |     83 |    498 |   1602 |   5 |  566.8 |
        Temple |     86 |     74 |     12 |      0 |     57 |   1 |   86.0 |
               +--------+--------+--------+--------+--------+-----+--------+

Top non-repeatable levels by time:
     D:1: 804 daAuts
     D:3: 722 daAuts
     D:2: 653 daAuts
     D:4: 638 daAuts
  Temple: 86 daAuts
     D:5: 15 daAuts
